Match 41232905
Unlisted

Match 41232905
End
Royal Engineer Section
Selects Australian Defense Battlegroup
Selects Australian Defense Battlegroup
Selects Australian Light Infantry Section
Australian Light Infantry Section
Construct Section Command Post
Dingo Light Scout Car
Infantry Section
Construct Platoon Command Post
Unlock M3 Stuart Light Tanks
M3 Stuart Light Tank
Construct Field Infirmary
Infantry Section
M3 Stuart Light Tank
Construct Company Command Post
Selects CMP 15cwt Supply Run
Selects Reinforced Resource Caches
Crusader II Medium Tank
Crusader II Medium Tank
Infantry Section
Kitsuné
Dumais
Dunkerque
NEP_wilson_NEP
0
0

Comments sign in to comment!

No comments posted yet!